 Dungeon Crawl Stone Soup version 0.19-a0-1007-g133f65f (webtiles) character file.

8081 HAL9000 the Grappler (level 11, -6/85 HPs)
             Began as a Black Draconian Transmuter on July 19, 2016.
             Was an Elder of Makhleb.
             Mangled by an elephant (8 damage)
             ... on level 1 of the Lair of Beasts.
             The game lasted 00:27:58 (11105 turns).

HAL9000 the Grappler (Black Draconian Transmuter)  Turns: 11105, Time: 00:27:59

Health: -6/85      AC:  7    Str: 20    XL:     11   Next: 5%
Magic:  11/14      EV: 12    Int: 21    God:    Makhleb [****..]
Gold:   526        SH:  0    Dex: 12    Spells: 4 memorised, 3 levels left

rFire  + + .     SeeInvis .       - Unarmed
rCold  x . .     Gourm    .     (armour unavailable)
rNeg   . . .     Faith    .     (shield currently unavailable)
rPois  .         Spirit   .     D - +2 hat of Tulam {rF+ Int+3 Slay-2}
rElec  +         Dismiss  .     (no cloak)
rCorr  .         Reflect  .     (gloves currently unavailable)
SustAt .         Harm     .     (no boots)
MR     .....                    g - amulet of magic regeneration
Stlth  +.........               G - ring of Waaroetz {AC-2 Int+4}
                                q - ring of fire

@: mighty, blade hands, not resistant to hostile enchantments, very unstealthy
A: breathe lightning, unfitting armour, electricity resistance, cold-blooded, AC
+7
a: Breathe Lightning, End Transformation, Minor Destruction, Lesser Servant of
Makhleb, Major Destruction, Renounce Religion


You were on level 1 of the Lair of Beasts.
You worshipped Makhleb.
Makhleb was greatly pleased with you.
You were hungry.
You had blades for hands.
You visited 2 branches of the dungeon, and saw 10 of its levels.
You also visited: Sewer.

You collected 526 gold pieces.

Inventory:

Missiles
 Q - 67 arrows
Armour
 D - the +2 hat of Tulam (worn) {rF+ Int+3 Slay-2}
   (You found it on level 4 of the Dungeon)

   It affects your intelligence (+3).
   It affects your accuracy and damage with ranged weapons and melee attacks
   (-2).
   It protects you from fire.
 O - a cursed +0 shield
Magical Staves
 T - an uncursed staff of conjuration {unknown}
 U - an uncursed staff of cold {unknown}
Jewellery
 g - an amulet of magic regeneration (around neck)
 q - a ring of fire (left scythe-like blade)
 G - the ring of Waaroetz (right scythe-like blade) {AC-2 Int+4}
   (You found it on level 4 of the Dungeon)

   [ring of protection]

   It affects your AC (-2).
   It affects your intelligence (+4).
Wands
 y - a wand of lightning (4/15)
 J - a wand of disintegration (11/24)
 N - a wand of acid (2/15)
 X - a wand of slowing (27/48)
Scrolls
 d - 7 scrolls of remove curse
 e - 2 scrolls of blinking {unknown}
 h - 2 scrolls of fog {unknown}
 m - 4 scrolls of fear {unknown}
 s - 2 scrolls of magic mapping {unknown}
 u - 2 scrolls of teleportation {unknown}
 z - 3 scrolls of enchant armour {unknown}
 C - a scroll of random uselessness {unknown}
 F - a scroll of enchant weapon {unknown}
 K - a scroll of amnesia {unknown}
 M - 2 scrolls of noise {unknown}
 R - a scroll of immolation {unknown}
 S - a scroll of acquirement {unknown}
 W - 2 scrolls of torment {unknown}
 Y - a scroll of recharging {unknown}
 Z - a scroll of summoning {unknown}
Potions
 f - 2 potions of brilliance
 i - 5 potions of flight
 k - 4 potions of curing
 t - 4 potions of might
 v - 4 potions of agility
 H - a potion of invisibility
 I - a potion of berserk rage
 L - a potion of resistance {unknown}
 V - 2 potions of lignification
Books
 b - a book of Changes

   Spells                             Type                      Level
   a - Beastly Appendage              Transmutation                1
   b - Sticks to Snakes               Transmutation                2
   c - Spider Form                    Transmutation/Poison         3
   d - Ice Form                       Ice/Transmutation            4
   e - Blade Hands                    Transmutation                5
 w - a book of Battle

   Spells                             Type                      Level
   a - Infusion                       Charms                       1
   b - Shroud of Golubria             Charms/Translocation         2
   c - Song of Slaying                Charms                       2
   d - Spectral Weapon                Hexes/Charms                 3
   e - Regeneration                   Charms/Necromancy            3
 x - a book of Flames

   Spells                             Type                      Level
   a - Flame Tongue                   Conjuration/Fire             1
   b - Throw Flame                    Conjuration/Fire             2
   c - Conjure Flame                  Conjuration/Fire             3
   d - Inner Flame                    Hexes/Fire                   3
   e - Sticky Flame                   Conjuration/Fire             4
   f - Fireball                       Conjuration/Fire             5
 E - a book of Party Tricks

   Spells                             Type                      Level
   a - Summon Butterflies             Summoning                    1
   b - Apportation                    Translocation                1
   c - Tukima's Dance                 Hexes                        3
   d - Alistair's Intoxication        Transmutation/Poison         5
   e - Invisibility                   Hexes                        6
Comestibles
 c - 8 bread rations
 n - 10 fruits
 o - 7 meat rations
 A - a slice of pizza
 B - 2 chunks of flesh
 P - a royal jelly


   Skills:
 + Level 4.6 Fighting
 - Level 1.7 Dodging
 + Level 4.0 Shields
 + Level 11.5 Unarmed Combat
 - Level 2.0 Spellcasting
 - Level 10.8 Transmutations
 + Level 4.1 Invocations


You had 3 spell levels left.
You knew the following spells:

 Your Spells              Type           Power        Failure   Level  Hunger
a - Beastly Appendage     Tmut           #####.       10%         1    #......
b - Sticks to Snakes      Tmut           #####...     12%         2    ##.....
c - Spider Form           Tmut/Pois      ###.......   36%         3    ###....
d - Blade Hands           Tmut           #####.....   36%         5    ######.


Dungeon Overview and Level Annotations

Branches:
Dungeon (9/15)             Temple (0/1) D:7            Lair (1/6) D:9
    Orc: D:9-12

Altars:
Elyvilon
Kikubaaqudgha
Makhleb
Nemelex Xobeh
Qazlal
Ru
Sif Muna
Xom


Innate Abilities, Weirdness & Mutations

You can breathe wild blasts of lightning.
Your glossy black scales are hard. (AC +7)
Your body does not fit into most forms of armour.
You are resistant to electric shocks. (rElec)
You are cold-blooded and may be slowed by cold attacks.


Message History

You feel very mighty all of a sudden.
Your neqoxec hits the elephant.
Unknown command.
You slash the elephant!
The elephant is severely wounded.
The elephant closely misses you. x2; The elephant tramples you!
* * * LOW HITPOINT WARNING * * *
You hold your ground!
The elephant closely misses you.
Your neqoxec hits the elephant! You slash the elephant!
You tail-slap the elephant.
You kill the elephant!
Makhleb accepts your kill.
You feel better.
Your Shields skill increases to level 4!
The elephant tramples you!
* * * LOW HITPOINT WARNING * * *
You hold your ground!
The elephant trunk-slaps you but does no damage.
The elephant tramples you!
You die...

## ####.#####
######.........$
###.#Y#............
.##....@Y.............
........Y..............
.......P..3............
....#####..............
... #.............. ..
#............. .
#.........#.# #
###...P.### ..
##.....## ##...


You could see 3 elephants and a friendly neqoxec.

Vanquished Creatures
  A hill giant (D:9)
  A cyclops (D:8)
  2 elephants (Lair:1)
  The ghost of nextgen the Slasher, a novice HEFi (D:4)
  A troll (D:9)
  The ghost of HAL9000 the Ruffian, an amateur DrTm of Makhleb (D:5)
  10 yaks
  A wyvern (D:9)
  Eustachio (D:6)
  A hippogriff (D:6)
  Duvessa (D:7)
  A phantom (D:4)
  4 orc warriors
  4 ogres
  A wolf (D:9)
  A centaur (D:7)
  A crocodile (Lair:1)
  A big kobold (D:6)
  5 giant frogs
  Dowan (D:7)
  3 scorpions
  5 killer bees (D:7)
  4 wights (D:7)
  An electric eel (D:9)
  4 howler monkeys (D:9)
  4 crimson imps
  A giant frog zombie (D:9)
  A wasp zombie (D:6)
  8 jellies
  2 orc priests
  9 hounds
  A giant frog skeleton (D:9)
  2 iguanas
  5 orc wizards
  4 worker ants
  A hound zombie (D:4)
  A worker ant zombie (D:6)
  14 adders
  7 gnolls (D:3)
  3 river rats (Sewer)
  A shadow imp (D:6)
  2 oozes
  2 adder skeletons
  5 worms
  6 dart slugs
  4 giant geckos
  31 orcs
  7 ball pythons
  6 bats
  4 giant cockroaches
  10 goblins
  10 hobgoblins
  8 jackals
  2 quokkas
  12 sheep
  4 giant newts
  22 kobolds
  A quokka skeleton (D:6)
  25 rats
282 creatures vanquished.

Vanquished Creatures (collateral kills)
  A killer bee (D:7)
  2 adders
  2 river rats (Sewer)
  A worm (D:3)
  A ball python (Sewer)
  A giant cockroach (D:3)
  3 kobolds (Sewer)
  10 rats (Sewer)
21 creatures vanquished.

Grand Total: 303 creatures vanquished

Notes
Turn   | Place    | Note
-------+----------+-------------------------------------------
     0 | D:1      | HAL9000 the Draconian Transmuter began the quest for the Orb.
     0 | D:1      | Reached XP level 1. HP: 16/16 MP: 3/3
    86 | D:1      | Reached XP level 2. HP: 20/23 MP: 3/5
    90 | D:1      | Learned a level 2 spell: Sticks to Snakes
   770 | D:2      | Reached XP level 3. HP: 28/28 MP: 4/6
   775 | D:2      | Found a burning altar of Makhleb.
  1008 | D:2      | Found a white marble altar of Elyvilon.
  1336 | D:2      | Found a sparkling altar of Nemelex Xobeh.
  1473 | D:3      | Reached skill level 4 in Unarmed Combat
  1482 | D:3      | Reached XP level 4. HP: 32/35 MP: 5/7
  1889 | D:3      | Found a glowing drain.
  1920 | Sewer    | Entered a sewer
  2115 | Sewer    | Reached XP level 5. HP: 17/40 MP: 4/8
  2291 | Sewer    | Learned a level 3 spell: Spider Form
  3419 | D:3      | Reached skill level 5 in Unarmed Combat
  3481 | D:3      | Reached XP level 6. HP: 27/47 MP: 5/9
  3744 | D:3      | Reached skill level 5 in Transmutations
  4023 | D:4      | Noticed nextgen's ghost (novice HEFi)
  4040 | D:4      | Killed nextgen's ghost
  4040 | D:4      | Reached skill level 6 in Unarmed Combat
  4040 | D:4      | Your scales start taking on a glossy black colour.
  4040 | D:4      | Reached XP level 7. HP: 23/52 MP: 10/10
  4040 | D:4      | Gained mutation: You are resistant to electric shocks. (rElec) [Black Draconian growth]
  4518 | D:4      | Got a brightly glowing hat
  4524 | D:4      | Identified the +2 hat of Tulam {rF+ Int+3 Slay-2} (You found it on level 4 of the Dungeon)
  4668 | D:4      | Got a faintly glowing bone ring
  4807 | D:4      | Identified the cursed ring of Waaroetz {AC-2 Int+4} (You found it on level 4 of the Dungeon)
  5047 | D:4      | Reached skill level 7 in Unarmed Combat
  5174 | D:2      | Became a worshipper of Makhleb the Destroyer
  5246 | D:5      | Entered Level 5 of the Dungeon
  5289 | D:5      | Reached XP level 8. HP: 53/59 MP: 9/11
  5331 | D:5      | Noticed HAL9000's ghost (amateur DrTm)
  5344 | D:5      | Killed HAL9000's ghost
  5644 | D:5      | Found a deep blue altar of Sif Muna.
  5761 | D:5      | Found an ancient bone altar of Kikubaaqudgha.
  6055 | D:6      | Reached skill level 8 in Unarmed Combat
  6300 | D:6      | Learned a level 5 spell: Blade Hands
  6316 | D:6      | Noticed Eustachio
  6364 | D:6      | Killed Eustachio
  6641 | D:6      | Reached XP level 9. HP: 41/64 MP: 5/12
  6700 | D:6      | Reached * piety under Makhleb
  6960 | D:6      | Reached skill level 9 in Unarmed Combat
  7280 | D:7      | Found a staircase to the Ecumenical Temple.
  7343 | D:7      | Noticed Duvessa
  7344 | D:7      | Noticed Dowan
  7357 | D:7      | Killed Duvessa
  7361 | D:7      | Killed Dowan
  7492 | D:7      | Found a sacrificial altar of Ru.
  7691 | D:7      | Reached ** piety under Makhleb
  7982 | D:7      | Found a shimmering altar of Xom.
  8103 | D:7      | Reached skill level 10 in Unarmed Combat
  8386 | D:8      | Noticed a cyclops
  8395 | D:8      | Reached skill level 10 in Transmutations
  8403 | D:8      | Killed a cyclops
  8764 | D:8      | Reached XP level 10. HP: 71/71 MP: 8/13
  8793 | D:8      | Reached *** piety under Makhleb
  9738 | D:9      | Reached skill level 11 in Unarmed Combat
  9766 | D:9      | Reached skill level 1 in Shields
  9899 | D:9      | Found a staircase to the Lair.
  9900 | D:9      | Noticed a hill giant
  9907 | D:9      | Reached **** piety under Makhleb
  9913 | D:9      | Killed a hill giant
  9913 | D:9      | Reached skill level 1 in Invocations
  9960 | D:9      | Found a stormy altar of Qazlal.
 10627 | Lair:1   | Entered Level 1 of the Lair of Beasts
 11081 | Lair:1   | Noticed an elephant
 11087 | Lair:1   | Noticed an elephant
 11087 | Lair:1   | Noticed an elephant
 11088 | Lair:1   | Noticed an elephant
 11089 | Lair:1   | Noticed an elephant
 11098 | Lair:1   | Killed an elephant
 11098 | Lair:1   | Reached XP level 11. HP: 41/85 MP: 9/14
 11104 | Lair:1   | HP: 4/85 [elephant (8)]
 11105 | Lair:1   | Mangled by an elephant

Vault maps used:
D:1:      dpeg_arrival_line_fractal
D:2:      overflow_temple_1_default, nicolae_overflow_hidden_temple,
          old_standard_altar
D:3:      gup_sewer_entry_glass, kennysheep_generic_room_5
D:5:      lemuel_round_altar, first_bread, grunt_ministairs_10, led_sif_pool
D:6:      columned_hall_lemuel, uniq_eustachio
D:7:      kennysheep_little_box, nicolae_ossuary_entry_ruins, dk_xom_monty_hall,
          uniq_duvessa
D:9:      nicolae_qazlal_style_of_elements, erik_lair_island
Lair:1:   infiniplex_staircase_pool, lemuel_fruit_tree, serial_bayou_shore_b
Sewer:    sewer_minmay_treatment

Skill      XL: |  1  2  3  4  5  6  7  8  9 10 11 |
---------------+----------------------------------+-----
Transmutations | 3 4 6 7 8 10 | 10.8
Unarmed Combat | 4 5 6 7 8 10 11 | 11.5
Shields        | 3 4 |  4.0
Fighting       | 4 |  4.6
Invocations    | 4 |  4.1
Dodging        | |  1.7
Spellcasting   | |  2.0

Action                   |  1- 3 |  4- 6 |  7- 9 | 10-12 || total
-------------------------+-------+-------+-------+-------++-------
Melee: Unarmed           |   122 |   252 |   385 |   236 ||   995
       Tailslap          |    10 |    22 |    19 |    26 ||    77
       Kick              |    11 |    10 |    15 |       ||    36
       Headbutt          |       |     9 |     4 |       ||    13
       Punch             |       |     2 |     8 |     7 ||    17
 Cast: Beastly Appendage |    20 |    27 |    12 |       ||    59
       Sticks to Snakes  |     1 |    25 |     1 |     2 ||    29
       Spider Form       |       |     5 |    14 |       ||    19
       Blade Hands       |       |       |     9 |    11 ||    20
Invok: Lesser Servant of |       |       |       |     1 ||     1
 Abil: Breathe Lightning |       |       |     4 |     2 ||     6
       End Transformatio |       |       |     1 |       ||     1
Evoke: Wand              |       |       |     4 |       ||     4
  Use: Scroll            |       |     7 |     2 |     2 ||    11
       Potion            |       |     4 |     8 |     2 ||    14
 Stab: Sleeping          |     1 |       |       |       ||     1
  Eat: Chunk             |     2 |    12 |    18 |    12 ||    44
       Fruit             |       |       |     5 |       ||     5
Armor: Skin              |    19 |    66 |    89 |    53 ||   227
Dodge: Dodged            |    65 |   193 |   282 |   122 ||   662
